 Dungeon Crawl Stone Soup version 0.22.1-1-ga44c0e56f4 (webtiles) character file.

14695 AxeAttX the Cleaver (level 11, -15/104 HPs)
             Began as a Minotaur Fighter on Oct 31, 2018.
             Was a Priest of Makhleb.
             Demolished by Rupert
             ... wielding a +3 great sword of protection
              (32 damage)
             ... on level 3 of the Lair of Beasts.
             The game lasted 00:09:30 (11403 turns).

AxeAttX the Cleaver (Minotaur Fighter)             Turns: 11403, Time: 00:09:32

Health: -15/104    AC: 18    Str: 24    XL:     11   Next: 92%
Magic:  0/14       EV: 10    Int: 10    God:    Makhleb [***...]
Gold:   524        SH:  0    Dex: 10    Spells: 10/10 levels left

rFire    . . .     SeeInvis .   C - +5 battleaxe
rCold    . . .     Gourm    .   (shield currently unavailable)
rNeg     . . .     Faith    .   l - +0 plate armour
rPois    .         Spirit   +   G - +1 hat
rElec    .         Reflect  .   k - +0 cloak
rCorr    .         Harm     .   (no gloves)
MR       +....                  A - +0 pair of boots
Stlth    ..........             E - amulet of guardian spirit
HPRegen  0.27/turn              j - ring "Boejyej" {MR+ Int+5}
MPRegen  0.14/turn              (no ring)

@: no status effects
A: retaliatory headbutt, horns 2
a: Minor Destruction, Lesser Servant of Makhleb, Renounce Religion


You were on level 3 of the Lair of Beasts.
You worshipped Makhleb.
Makhleb was most pleased with you.
You were not hungry.

You visited 3 branches of the dungeon, and saw 12 of its levels.

You collected 524 gold pieces.

Inventory:

Hand Weapons
 a - a +0 war axe
 B - a +0 battleaxe
   (You took it off an orc on level 4 of the Dungeon)
 C - a +5 battleaxe (weapon)
   (You took it off a wight on level 6 of the Dungeon)
Armour
 b - a +0 scale mail
 c - a +0 shield
 k - a +0 cloak (worn)
   (You found it on level 1 of the Lair of Beasts)
 l - a +0 plate armour (worn)
   (You found it on level 1 of the Dungeon)
 A - a +0 pair of boots (worn)
   (You found it on level 4 of the Dungeon)
 G - a +1 hat (worn)
   (You took it off Gastronok on level 2 of the Lair of Beasts)
Jewellery
 f - an uncursed ring of positive energy {unknown}
   (You found it on level 7 of the Dungeon)
 i - an uncursed ring of see invisible
   (You found it on level 3 of the Dungeon)
 j - the ring "Boejyej" (left hand) {MR+ Int+5}
   (You found it on level 4 of the Dungeon)

   [ring of protection from magic]

   It affects your intelligence (+5).
   It affects your resistance to hostile enchantments.
 E - an amulet of guardian spirit (around neck)
   (You found it on level 2 of the Dungeon)
 F - an uncursed amulet of the acrobat {unknown}
   (You found it on level 1 of the Lair of Beasts)
Wands
 y - a wand of disintegration (7)
   (You found it on level 1 of the Lair of Beasts)
 D - a wand of iceblast (7)
   (You found it on level 2 of the Lair of Beasts)
 H - a wand of clouds (3)
   (You found it on level 2 of the Lair of Beasts)
 I - a wand of paralysis (20)
   (You found it on level 3 of the Lair of Beasts)
Scrolls
 g - 5 scrolls of immolation
 n - 3 scrolls of enchant armour
 r - 11 scrolls of identify
 s - 3 scrolls of fear
 t - 6 scrolls of teleportation
 u - a scroll of fog
 v - 4 scrolls of remove curse
 z - 2 scrolls of blinking
Potions
 d - 2 potions of might
 h - a potion of lignification {unknown}
 m - a potion of magic
 o - 3 potions of flight
 p - 2 potions of mutation
 q - 2 potions of curing
 x - a potion of agility {unknown}
Comestibles
 e - 20 rations
 J - 8 chunks of flesh


   Skills:
 + Level 12.0 Fighting
 * Level 14.0 Axes
 + Level 9.2 Armour
 + Level 7.7 Dodging
 - Level 4.0 Shields
 + Level 6.1 Invocations


You had 10 spell levels left.
You didn't know any spells.
Your spell library was empty.

Dungeon Overview and Level Annotations

Branches:
Dungeon (8/15)             Temple (1/1) D:4            Lair (3/6) D:8
  Swamp: Lair:2-4    Shoals: Lair:2-4     Snake: Lair:2-4    Spider: Lair:2-4

Altars:
Ashenzari
Cheibriados
Dithmenos
Elyvilon
Fedhas
Gozag
Hepliaklqana
Kikubaaqudgha
Makhleb
Nemelex Xobeh
Okawaru
Ru
Sif Muna
Trog
Vehumet
Wu Jian
Xom
Yredelemnul
Zin
The Shining One

Annotations:
Lair:3 Rupert


Innate Abilities, Weirdness & Mutations

You reflexively headbutt those who attack you in melee.
You have a pair of horns on your head.


Message History

You now have 524 gold pieces (gained 9).
e - 20 rations (gained 1)
Found a war axe.
Rupert the Wild comes into view.
He is wielding a great sword of protection.
Rupert shouts!
Rupert yells loudly at you. You resist with some effort.
Rupert is nearby!
Evoke which item? (* to show all) (? for menu, Esc to quit)
Aiming: Cloud Cone
Press: ? - help, Dir - move target cursor You create a blast of noxious fumes!
Rupert roars wildly at you. You resist with some effort.
Rupert is engulfed in noxious fumes.
Rupert roars wildly at you. You resist with some effort.
Rupert is engulfed in noxious fumes.
Rupert appears confused.
Rupert asks, "Where am I?"
Found a scale mail.
Rupert is engulfed in noxious fumes.
Rupert seems less confused.
You slice Rupert!!
Rupert is lightly wounded.
You hit Rupert but do no damage. You headbutt Rupert.
Rupert is lightly wounded.
A water moccasin comes into view.
Rupert is engulfed in noxious fumes.
Rupert roars madly and goes into a rage!
Rupert goes berserk!
The water moccasin hisses angrily.
You hit Rupert. Your headbutt misses Rupert.
Rupert is moderately wounded.
Rupert is engulfed in noxious fumes.
Rupert closely misses you.
Rupert is engulfed in noxious fumes.
Rupert hits you with a great sword of protection.
Your plate armour prevents you from hitting Rupert.
Rupert is moderately wounded.
Rupert is engulfed in noxious fumes.
Rupert hits you with a great sword of protection!!
You hit Rupert but do no damage. Your headbutt misses Rupert.
Rupert is lightly wounded.
Rupert is engulfed in noxious fumes.
Rupert hits you with a great sword of protection!
The water moccasin bites you but does no damage.
Okay, then.
Evoke which item? (* to show all) (? for menu, Esc to quit)
Aiming: Cloud Cone
Press: ? - help, Dir - move target cursor, f - Rupert
Aim: Rupert, wielding a great sword of protection and wearing a scale mail You create a blast of noxious fumes!
Rupert is engulfed in noxious fumes.
Rupert hits you with a great sword of protection!!
The water moccasin bites you but does no damage.
You closely miss Rupert. Your headbutt misses Rupert.
Rupert is moderately wounded.
You slash the water moccasin!
Rupert is engulfed in noxious fumes.
Rupert appears confused.
Rupert rages.
The water moccasin bites you but does no damage.
Rupert is engulfed in noxious fumes.
Rupert appears confused.
Rupert hits you with a great sword of protection!!!
* * * LOW HITPOINT WARNING * * *
The water moccasin bites you but does no damage.
Rupert is engulfed in noxious fumes.
You are too injured to fight recklessly!
You barely miss the water moccasin.
The water moccasin is moderately wounded.
You completely miss Rupert.
The water moccasin bites you but does no damage.
Rupert is engulfed in noxious fumes.
You slice the water moccasin!!
You kill the water moccasin!
Makhleb accepts your kill.
You feel better.
Your Fighting skill increases to level 12!
You catch the helpless Rupert completely off-guard!
You slash Rupert!
Rupert is engulfed in noxious fumes.
You feel much better.
Rupert is engulfed in noxious fumes.
You slash Rupert!
Rupert is moderately wounded.
You are too injured to fight recklessly!
You are too injured to fight recklessly!
You are too injured to fight recklessly!
You are too injured to fight recklessly!
You are too injured to fight recklessly!
You are too injured to fight recklessly!
You are too injured to fight recklessly!
You are too injured to fight recklessly!
You are too injured to fight recklessly!
You are too injured to fight recklessly!
You are too injured to fight recklessly!
You are too injured to fight recklessly!
You are too injured to fight recklessly!
Unknown command.
Rupert hits you with a great sword of protection!!
* * * LOW HITPOINT WARNING * * *
You see here a water moccasin corpse.
Rupert seems less confused.
Rupert hits you with a great sword of protection!!
You die...

#### ### #### # ...# #.##
##..##### .#
..#####.####..#.P..##.##.#
..........................
.....##..##.##.@..§.......
..#############P@†##..#P..
.#.#..P#..## ##...#### .
...........# ##.)#
........#.<# ..##
#...##...#..# #[..
.#####..##.........# .
#.#.# #.P..#...# P ##..##
######### # #.#..# ####


You could see Rupert (berserk).

Vanquished Creatures
  Gastronok (Lair:2)
  A hydra (Lair:3)
  Urug (Lair:2)
  Sonja (Lair:2)
  4 spiny frogs
  3 komodo dragons
  4 polar bears
  6 dream sheep (Lair:3)
  5 hippogriffs
  Sigmund (D:3)
  11 yaks
  A human (D:7)
  Eustachio (D:5)
  4 hogs (D:7)
  Edmund (D:6)
  Duvessa (D:6)
  9 water moccasins
  2 porcupines
  An orc warrior (D:6)
  A sky beast (D:4)
  A phantom (D:5)
  3 ogres
  2 centaurs
  3 crocodiles
  A gnoll sergeant (D:8)
  8 bullfrogs
  Dowan (D:6)
  2 scorpions
  5 wights (D:6)
  3 howler monkeys (D:8)
  An electric eel (Lair:1)
  A hound (D:8)
  A jelly (D:5)
  4 orc priests
  A centaur skeleton (D:6)
  3 orc wizards
  Jessica (D:2)
  An iguana (D:8)
  4 worker ants
  Natasha (D:2)
  A hound skeleton (D:4)
  A hound zombie (D:7)
  5 gnolls (D:8)
  11 adders
  A shadow imp (D:8)
  12 white imps (Lair:3)
  An adder skeleton (D:4)
  A worm (D:6)
  7 leopard geckos
  29 orcs
  A ball python (D:2)
  3 bats
  7 giant cockroaches
  3 goblins
  A hobgoblin (D:2)
  3 jackals (D:7)
  3 quokkas
  4 frilled lizards
  A jackal skeleton (D:5)
  8 kobolds
  A leopard gecko zombie (D:7)
  2 quokka skeletons
  3 rats
  A fungus (Lair:3)
  3 plants
219 creatures vanquished.

Vanquished Creatures (others)
  6 fungi (Lair:3)
  5 plants
11 creatures vanquished.

Grand Total: 230 creatures vanquished

Notes
Turn   | Place    | Note
-------+----------+-------------------------------------------
     0 | D:1      | AxeAttX the Minotaur Fighter began the quest for the Orb.
     0 | D:1      | Reached XP level 1. HP: 19/19 MP: 0/0
   377 | D:1      | Reached skill level 4 in Fighting
   381 | D:1      | Reached XP level 2. HP: 14/27 MP: 1/1
   389 | D:1      | Reached skill level 3 in Axes
   945 | D:2      | Noticed Jessica
   948 | D:2      | Killed Jessica
   948 | D:2      | Reached XP level 3. HP: 30/34 MP: 2/2
  1175 | D:2      | Noticed Natasha
  1178 | D:2      | Killed Natasha
  1178 | D:2      | Reached skill level 5 in Fighting
  1178 | D:2      | Reached skill level 4 in Axes
  1178 | D:2      | Reached XP level 4. HP: 41/42 MP: 3/3
  1344 | D:3      | Found a faded altar of an unknown god.
  1458 | D:3      | Noticed Sigmund
  1464 | D:3      | Killed Sigmund
  1464 | D:3      | Reached skill level 6 in Fighting
  1464 | D:3      | Reached skill level 5 in Axes
  1464 | D:3      | Reached XP level 5. HP: 50/50 MP: 4/4
  1485 | D:3      | Reached XP level 6. HP: 56/58 MP: 5/5
  1893 | D:4      | Reached skill level 6 in Axes
  2014 | D:4      | Found a staircase to the Ecumenical Temple.
  2045 | Temple   | Entered the Ecumenical Temple
  2248 | D:4      | Reached skill level 7 in Fighting
  2292 | D:4      | Noticed a sky beast
  2306 | D:4      | Killed a sky beast
  2306 | D:4      | Reached XP level 7. HP: 35/66 MP: 3/6
  2697 | D:4      | Reached skill level 7 in Axes
  2839 | D:4      | Found an opulent altar of Gozag.
  3154 | D:4      | Got a pitted pewter ring
  3542 | D:5      | Entered Level 5 of the Dungeon
  3561 | D:5      | Reached skill level 8 in Fighting
  3700 | D:5      | Found a snail-covered altar of Cheibriados.
  3701 | D:5      | Found a burning altar of Makhleb.
  3714 | D:5      | Became a worshipper of Makhleb the Destroyer
  3941 | D:5      | Noticed Eustachio
  3958 | D:5      | Killed Eustachio
  3958 | D:5      | Reached skill level 8 in Axes
  3958 | D:5      | Reached XP level 8. HP: 49/75 MP: 5/7
  4921 | D:6      | Reached skill level 9 in Fighting
  5112 | D:6      | Reached skill level 1 in Dodging
  5246 | D:6      | Reached skill level 4 in Shields
  5249 | D:6      | Reached skill level 4 in Armour
  5305 | D:6      | Reached skill level 9 in Axes
  5438 | D:6      | Noticed Edmund
  5446 | D:6      | Killed Edmund
  5446 | D:6      | Reached skill level 2 in Dodging
  5622 | D:6      | Reached * piety under Makhleb
  5893 | D:6      | Noticed Duvessa
  5894 | D:6      | Noticed Dowan
  5901 | D:6      | Killed Duvessa
  5908 | D:6      | Killed Dowan
  6003 | D:6      | Reached skill level 5 in Armour
  6003 | D:6      | Reached XP level 9. HP: 84/84 MP: 8/8
  6081 | D:7      | Reached skill level 3 in Dodging
  6165 | D:7      | Identified the ring "Boejyej" {MR+ Int+5} (You found it on
                  | level 4 of the Dungeon)
  6295 | D:7      | Reached skill level 10 in Axes
  6653 | D:7      | Reached skill level 1 in Invocations
  6655 | D:7      | Reached skill level 10 in Fighting
  6659 | D:7      | Reached skill level 4 in Dodging
  6659 | D:7      | Reached skill level 2 in Invocations
  6889 | D:8      | Reached skill level 6 in Armour
  6900 | D:8      | Reached ** piety under Makhleb
  6903 | D:8      | Reached skill level 11 in Axes
  7048 | D:8      | Found an ornate altar of the Wu Jian Council.
  7124 | D:8      | Found a bloodstained altar of Trog.
  7146 | D:8      | Found a sacrificial altar of Ru.
  7343 | D:8      | Found a staircase to the Lair.
  7344 | D:8      | Noticed a komodo dragon
  7366 | D:8      | Killed a komodo dragon
  7366 | D:8      | Reached XP level 10. HP: 20/94 MP: 1/11
  7773 | Lair:1   | Entered Level 1 of the Lair of Beasts
  7777 | Lair:1   | Reached skill level 3 in Invocations
  8042 | Lair:1   | Reached skill level 5 in Dodging
  8163 | Lair:1   | Reached skill level 7 in Armour
  8594 | Lair:1   | Reached skill level 12 in Axes
  9192 | Lair:2   | Reached skill level 4 in Invocations
  9210 | Lair:2   | Found a labyrinth entrance.
  9322 | Lair:2   | Reached skill level 11 in Fighting
  9431 | Lair:2   | Noticed a spiny frog
  9438 | Lair:2   | Killed a spiny frog
  9438 | Lair:2   | Reached skill level 6 in Dodging
  9606 | Lair:2   | Noticed Urug
  9619 | Lair:2   | Killed Urug
  9894 | Lair:2   | Reached XP level 11. HP: 102/102 MP: 11/13
 10064 | Lair:2   | Noticed Sonja
 10073 | Lair:2   | HP: 13/102 [poisoned by Sonja (curare-tipped needle)]
 10088 | Lair:2   | Killed Sonja
 10088 | Lair:2   | Reached skill level 8 in Armour
 10331 | Lair:2   | Noticed Gastronok
 10342 | Lair:2   | Killed Gastronok
 10342 | Lair:2   | Reached skill level 13 in Axes
 10342 | Lair:2   | Reached skill level 5 in Invocations
 10567 | Lair:3   | Found a frozen archway.
 10594 | Lair:3   | Reached skill level 7 in Dodging
 10616 | Lair:3   | Reached *** piety under Makhleb
 10741 | Lair:3   | Noticed a six-headed hydra
 10750 | Lair:3   | Killed a nine-headed hydra
 11176 | Lair:3   | Reached skill level 9 in Armour
 11212 | Lair:3   | Reached skill level 6 in Invocations
 11254 | Lair:3   | Reached skill level 14 in Axes
 11376 | Lair:3   | Noticed Rupert
 11394 | Lair:3   | HP: 10/104 [Rupert/great sword of protection (35)]
 11396 | Lair:3   | Reached skill level 12 in Fighting
 11403 | Lair:3   | Demolished by Rupert

Skill      XL: |  1  2  3  4  5  6  7  8  9 10 11 |
---------------+----------------------------------+-----
Fighting       | 4 5 6 7 8 9 10 11 12 | 12.0
Axes           | 3 4 5 6 8 9 11 12 14 | 14.0
Dodging        | 2 4 6 7 |  7.7
Shields        | 4 |  4.0
Armour         | 5 6 7 9 |  9.2
Invocations    | 2 4 6 |  6.1

Action                   |  1- 3 |  4- 6 |  7- 9 | 10-12 || total
-------------------------+-------+-------+-------+-------++-------
Melee: War axe           |    65 |    92 |   109 |       ||   266
       Headbutt          |     9 |    12 |    49 |    41 ||   111
       Battleaxe         |       |       |   154 |   213 ||   367
Evoke: Wand              |       |       |       |     9 ||     9
  Use: Scroll            |       |     7 |    13 |       ||    20
       Potion            |       |       |     1 |     5 ||     6
 Stab: Confused          |       |       |       |     1 ||     1
  Eat: Chunk             |     1 |     3 |    17 |     9 ||    30
       Ration            |       |       |       |     1 ||     1
Armor: Plate armour      |    33 |    48 |   142 |   132 ||   355
       Scale mail        |     5 |       |       |       ||     5
Dodge: Dodged            |     9 |    14 |    83 |   110 ||   216
Block: Shield            |    36 |    45 |    53 |       ||   134

Vault maps used:
D:1:      dpeg_arrival_snail, lexackson_kobold_supper
D:2:      kennysheep_generic_room_8, uniq_jessica, uniq_natasha
D:3:      chequers_ecumenical_altar_simple, uniq_sigmund
D:4:      nicolae_gozag_seed_capital, temple_green, first_ration
D:5:      gammafunk_temple_overflow_statue, uniq_eustachio
D:6:      uniq_duvessa, uniq_edmund
D:7:      grunt_livestock, serial_park_tiny_2, minmay_misc_feat_cross,
          hangedman_decor_push
D:8:      lemuel_doored_altar, bloody_trog, lemuel_coloured_pillars_altar,
          david_lair_shrubbed
Temple:   eino_narrow_crystal_temple
Lair:1:   nicolae_quartered_pool_medium, grunt_megastairs_2
Lair:2:   lab_entry_generic, uniq_urug, uniq_gastronok, uniq_sonja
Lair:3:   dummy_spider_entry, portal_ice_cave_entry_imps, uniq_rupert

Table legend:
 A = Turns spent in this place as a percentage of turns spent in the entire game.
 B = Non-inter-level travel turns spent in this place as a percentage of non-inter-level travel turns spent in the entire game.
 C = Inter-level travel turns spent in this place as a percentage of turns spent in this place.
 D = Turns resting spent in this place as a percentage of non-inter-level travel turns spent in this place.
 E = Turns spent auto-exploring this place as a percentage of non-inter-level travel turns spent in this place.
 F = Non-inter-level travel turns spent in this place divided by the number of levels of this place that you've seen.
                   A       B       C       D       E      F
               +-------+-------+-------+-------+-------+----------------------
         Total | 100.0 | 100.0 |   3.1 |  10.9 |  77.5 | 920.8
       Dungeon |  66.7 |  65.8 |   4.4 |   5.9 |  82.0 | 909.2
        Temple |   1.5 |   1.4 |   6.5 |   0.0 |  98.7 | 157.0
          Lair |  31.8 |  32.7 |   0.3 |  21.4 |  67.6 | 1206.0
               +-------+-------+-------+-------+-------+----------------------

Table legend:
 A = Kills in this place as a percentage of kills in entire the game.
 B = Kills by you in this place as a percentage of kills by you in the entire game.
 C = Kills by friends in this place as a percentage of kills by friends in the entire game.
 D = Other kills in this place as a percentage of other kills in the entire game.
 E = Experience gained in this place as a percentage of experience gained in the entire game.
 F = Experience gained in this place divided by the number of levels of this place that you have seen.
                   A       B       C       D       E      F
               +-------+-------+-------+-------+-------+----------------------
         Total | 100.0 | 100.0 |   N/A |   N/A | 100.0 | 1749.4
       Dungeon |  69.8 |  69.8 |   N/A |   N/A |  26.7 | 701.9
          Lair |  30.2 |  30.2 |   N/A |   N/A |  73.3 | 5126.0
               +-------+-------+-------+-------+-------+----------------------
